 Dungeon Crawl Stone Soup version 0.26.0-10-g1f06aea511 (webtiles) character file.

Game seed: 18334464367337837062

154 Borgoz the Cudgeller (level 5, -1/33 HPs)
             Began as a Gargoyle Berserker on Jan 15, 2021.
             Was a Believer of Trog.
             Slain by a gnoll (6 damage)
             ... on level 3 of the Dungeon.
             The game lasted 00:02:23 (1611 turns).

Borgoz the Cudgeller (Gargoyle Berserker)           Turns: 1611, Time: 00:02:23

Health: -1/33      AC:  9    Str: 21    XL:     5   Next: 35%
Magic:  5/5        EV: 11    Int:  7    God:    Trog [**....]
Gold:   111        SH:  0    Dex: 10    Spells: 4/4 levels left

rFire    . . .     SeeInvis .   a - +1 mace
rCold    . . .     Faith    .   (no shield)
rNeg     + . .     Spirit   .   m - +0 ring mail (curse)
rPois    ∞         Reflect  .   (no helmet)
rElec    +         Harm     .   (no cloak)
rCorr    .         Rampage  .   (no gloves)
Will     .....                  (no boots)
Stlth    ..........             (no amulet)
HPRegen  0.11/turn              (no ring)
MPRegen  0.09/turn              (no ring)

@: no status effects
A: negative energy resistance 1, electricity resistance, unbreathing,
petrification resistance, miasma immunity, AC +4
a: Renounce Religion, Berserk, Trog's Hand


You were on level 3 of the Dungeon.
You worshipped Trog.
Trog was pleased with you.
You visited 1 branch of the dungeon, and saw 3 of its levels.

You collected 111 gold pieces.

Inventory:

Hand Weapons
 a - a +1 mace (weapon)
Armour
 d - a +0 plate armour
 m - a cursed +0 ring mail (worn)
Jewellery
 h - an uncursed ring of stealth {unknown}
 n - an uncursed ring of willpower {unknown}
Wands
 k - a wand of flame (20)
Scrolls
 g - a scroll of immolation {unknown}
 i - a scroll of identify
 j - a scroll of teleportation
Potions
 b - a potion of curing {unknown}
 c - 2 potions of lignification
 e - 2 potions of mutation
 f - a potion of haste
 l - a potion of brilliance {unknown}


   Skills:
 + Level 4.0 Fighting
 * Level 4.1 Maces & Flails
 + Level 3.1 Armour
 * Level 2.8 Dodging


You had 4 spell levels left.
You didn't know any spells.
Your spell library was empty.

Dungeon Overview and Level Annotations

Branches:
Dungeon (3/15)

Altars:
Ashenzari
Nemelex Xobeh
The Shining One


Innate Abilities, Weirdness & Mutations

You are resistant to torment.
Your stone body is resilient. (AC +4)
You are immune to poison.
You resist negative energy. (rN+)
You are resistant to electric shocks. (rElec)
You can survive without breathing.
You are immune to petrification.
You are immune to miasma.


Message History

The gnoll is moderately wounded.
The gnoll closely misses you.
You hit the gnoll.
The gnoll is heavily wounded.
The gnoll hits you but does no damage.
You closely miss the gnoll.
The gnoll is heavily wounded.
The gnoll hits you.
* * * LOW HITPOINT WARNING * * *
The gnoll hits you but does no damage.
You hit the gnoll.
The gnoll is heavily wounded.
The gnoll closely misses you.
You hit the gnoll but do no damage.
The gnoll is heavily wounded.
The gnoll hits you but does no damage.
You hit the gnoll.
The gnoll is almost dead.
The gnoll hits you.
You die...

.....######..#
.... ........#
.... ...####g## #
... .......g.# .#
... ........## .#
........# ..#
........######..#
...........g)...#
..........)@....#
......)##########
....... .......
....... .......
.......


You could see a gnoll.

Vanquished Creatures
  An orc priest (D:3)
  Terence (D:2)
  An adder (D:2)
  3 gnolls (D:3)
  3 dart slugs
  3 leopard geckos (D:2)
  3 orcs (D:3)
  5 bats
  A giant cockroach (D:1)
  5 goblins
  6 hobgoblins
  3 jackals (D:2)
  A quokka (D:2)
  2 frilled lizards
  A jackal skeleton (D:3)
  5 kobolds
  6 rats
50 creatures vanquished.

Notes
Turn   | Place    | Note
-------+----------+-------------------------------------------
     0 | D:1      | Borgoz the Gargoyle Berserker began the quest for the Orb.
     0 | D:1      | Reached XP level 1. HP: 14/14 MP: 1/1
   126 | D:1      | Reached XP level 2. HP: 17/19 MP: 2/2
   713 | D:2      | Found a faded altar of an unknown god.
   720 | D:2      | Reached XP level 3. HP: 23/23 MP: 3/3
   788 | D:2      | Found a broken altar of Ashenzari.
   812 | D:2      | Found a sparkling altar of Nemelex Xobeh.
   813 | D:2      | Found a glowing golden altar of the Shining One.
   860 | D:2      | Noticed Terence
   868 | D:2      | Killed Terence
   868 | D:2      | Reached ** piety under Trog
   869 | D:2      | Reached XP level 4. HP: 29/29 MP: 4/4
  1559 | D:3      | Reached XP level 5. HP: 33/33 MP: 5/5
  1611 | D:3      | Slain by a gnoll

Illustrated notes

Levels and vault maps discovered:
D:1:      beargit_arrival_greenhouse, layout_basic
D:2:      layout_rooms, nicolae_ashenzari_panopticon,
          gammafunk_temple_overflow_statue,
          chequers_ecumenical_altar_simple_redux, uniq_terence
D:3:      layout_basic, lemuel_doored_altar, gup_sewer_entry_bowl, uniq_natasha,
          uniq_robin

Skill      XL: |  1  2  3  4  5 |
---------------+----------------+-----
Dodging        | 2 |  2.8
Armour         | 3 |  3.1
Maces & Flails | 4 |  4.1
Fighting       | 4 |  4.0

Action                   |  1- 3 |  4- 6 || total
-------------------------+-------+-------++-------
Melee: Mace              |    73 |    79 ||   152
Invok: Berserk           |     2 |     1 ||     3
       Trog's Hand       |       |     1 ||     1
  Use: Scroll            |       |     7 ||     7
Armor: Plate armour      |    63 |    10 ||    73
       Ring mail         |       |    71 ||    71
Dodge: Dodged            |    34 |    91 ||   125
